 Dungeon Crawl Stone Soup version 0.30-a0-778-g2ef04afb54 (webtiles) character file.

Game seed: 3128883944545853312

8 CowFu the Ruffian (level 2, 26/26 HPs)
             Began as a Ghoul Monk on Feb 16, 2023.
             Was a Follower of Uskayaw.
             Safely got out of the dungeon.
             The game lasted 00:00:25 (203 turns).

CowFu the Ruffian (Ghoul Monk)                       Turns: 203, Time: 00:00:26

Health: 26/26      AC:  2    Str: 14    XL:     2   Next: 8%
Magic:  1/1        EV: 12    Int:  5    God:    Uskayaw [*.....]
Gold:   20         SH:  0    Dex: 11    Spells: 1/1 levels left

rFire   . . .      SeeInvis .      - Unarmed
rCold   + . .      Faith    .    (no shield)
rNeg    + + +      Spirit   .    a - +0 robe
rPois   ∞          Reflect  .    (no helmet)
rElec   .          Harm     .    (no cloak)
rCorr   .          Rampage  .    (no gloves)
Will    .....                    (no boots)
Stlth   ++                       (no amulet)
HPRegen 0.24/turn                (no ring)
MPRegen 0.07/turn                (no ring)

@: no status effects
A: claws 1, cold resistance 1, negative energy resistance 3, inhibited
regeneration, torment resistance 2, devour on kill
a: Renounce Religion, Stomp


You escaped.
You worshipped Uskayaw.
Uskayaw was noncommittal.
You visited 1 branch of the dungeon, and saw 1 of its levels.

You collected 20 gold pieces.

Inventory:

Armour
 a - a +0 robe (worn)
Scrolls
 d - a scroll of teleportation {unknown}
Potions
 b - a potion of ambrosia
 c - a potion of brilliance {unknown}


   Skills:
 - Level 3.2 Fighting
 - Level 2.6 Dodging
 - Level 2.1 Stealth
 + Level 3.9 Unarmed Combat


You had one spell level left.
You didn't know any spells.
Your spell library was empty.

Dungeon Overview and Level Annotations

Branches:
Dungeon (1/15)

Altars:
Uskayaw


Innate Abilities, Weirdness & Mutations

You are immune to poison.
You have sharp fingernails.
Your flesh is cold resistant. (rC+)
You are immune to negative energy. (rN+++)
You do not regenerate when monsters are visible.
You are immune to unholy pain and torment.
You thrive by killing the living.


Message History

Found a scroll labelled OCYAHYSO WYIH.
The bat hits you.
A bat is nearby!
You barely miss the bat. The bat barely misses you.
A bat is nearby!
You barely miss the bat. Your claw misses the bat. The bat closely misses you.
A bat is nearby!
The bat hits you. The bat barely misses you.
You barely miss the bat. The bat hits you but does no damage.
You scratch the bat.
You kill the bat!
You have reached level 2!
You now have 20 gold pieces (gained 7).
d - a scroll labelled OCYAHYSO WYIH No target in view!
You open the door.
An endoplasm comes into view.
The endoplasm quivers.
The endoplasm moves out of view.
Found a faded altar of an unknown god.
No target in view!
There is an open door here.
An endoplasm is nearby!
You claw the endoplasm!
You kill the endoplasm!
Unknown command.
There is a faded altar of an unknown god here.
This altar belongs to (a) Ru, (b) Uskayaw or (c) Wu Jian, but you can't tell which.
Press the corresponding letter to learn more about a god, or press enter to convert or escape to cancel.
Uskayaw accepts your prayer! Uskayaw welcomes you!
You can now stomp with the beat.
You can now pass through a line of other dancers.
There is an open door here.
Found 6 stones.
You see here a ball python corpse.
There is a large open door here.
There is a staircase leading out of the dungeon here.
Are you sure you want to leave the Dungeon?
This will make you lose the game!
You have escaped!

### ##### ###
##.####.P.######@#
#.~.##.≈.~.#P.~#.#
.≈≈≈..≈~≈~~..~..~#
~≈≈~~~~~≈≈≈≈~~≈.≈#
≈≈≈≈≈≈≈≈≈≈≈≈≈≈≈≈≈#
≈≈≈≈≈≈≈~~≈~≈≈≈≈≈≈#
.≈≈≈~≈≈PP~P≈≈≈≈~≈#
P.≈P~≈≈~P~~P~~P~P#
##################


There were no monsters in sight!

Vanquished Creatures
  An endoplasm (D:1)
  2 jackals (D:1)
  A quokka (D:1)
  2 ball pythons (D:1)
  A bat (D:1)
  A rat (D:1)
8 creatures vanquished.

Notes
Turn   | Place    | Note
-------+----------+-------------------------------------------
     0 | D:1      | CowFu the Ghoul Monk began the quest for the Orb.
     0 | D:1      | Reached XP level 1. HP: 19/19 MP: 0/0
   115 | D:1      | Reached XP level 2. HP: 23/26 MP: 1/1
   136 | D:1      | Found a faded altar of an unknown god.
   143 | D:1      | Prayed at the altar of an unknown god.
   143 | D:1      | Became a worshipper of Uskayaw the Reveller
   143 | D:1      | Reached * piety under Uskayaw
   143 | D:1      | Reached ** piety under Uskayaw
   203 | D:$      | Safely got out of the dungeon.

Illustrated notes

Levels and vault maps discovered:
D:1:      lightli_arrival_windingriver, layout_basic,
          hellmonk_ecumenical_altar_slurped_away

Action                     || total
---------------------------++-------
  Melee: Unarmed           ||    24
 Armour: Robe              ||     4
  Dodge: Dodged            ||    14

Table legend: (Time is in decaauts)
 A = Elapsed time spent in this place.
 B = Non-inter-level travel time spent in this place.
 C = Inter-level travel time spent in this place.
 D = Time resting spent in this place.
 E = Time spent auto-exploring this place.
 F = Levels seen in this place.
 G = Mean time per level.
                   A        B        C        D        E       F      G
               +--------+--------+--------+--------+--------+-----+--------+
         Total |    203 |    145 |     58 |      0 |     93 |   1 |  203.0 |
       Dungeon |    203 |    145 |     58 |      0 |     93 |   1 |  203.0 |
               +--------+--------+--------+--------+--------+-----+--------+

Top non-repeatable levels by time:
     D:1: 203 daAuts
